AoeStats
← MattAtArms

Arabia

518511307Analyzed
1v1 RM · 2d ago on Nov 3, 2026· 55m 47s· 2 players
Game mode
Random Map
Map size
Tiny (2 player)
Population
200
Speed
Normal
Resources
Standard
Victory
Conquest
Starting age
Dark Age
Ending age
Imperial Age
RankedLock teamsTeams togetherTeam positionsShared explorationLock speedFull tech treeHidden civsTurbo modeCheats
Victory
Defeat
🇬🇧 Huns · United Kingdom
1929
+11
vs
🇧🇷 Italians · Brazil
1815
-11
MattAtArms
9:21 Loom
11:15 Feudal Age
9:32 Loom
11:54 Double-Bit Axe
11:51 Horse Collar
16:11 Fletching
21:09 Castle Age
19:28 Gold Mining
20:03 Padded Archer Armor
21:10 Crossbowman
21:50 Bodkin Arrow
22:12 Bow Saw
23:17 Ballistics
24:41 Leather Archer Armor
25:48 Thumb Ring
31:12 Wheelbarrow
30:22 Town Watch
36:47 Imperial Age
34:54 Gold Shaft Mining
34:22 Heavy Plow
35:39 Scale Barding Armor
35:45 Forging
36:55 Hand Cart
37:25 Chain Barding Armor
37:45 Bracer
39:24 Plate Barding Armor
41:44 Chemistry
40:41 Light Cavalry
41:37 Husbandry
41:53 Bloodlines
44:01 Iron Casting
43:16 Hussar
44:45 Heavy Cavalry Archer
46:57 Blast Furnace
48:51 Conscription
49:40 Masonry
50:23 Parthian Tactics
55:13 Atheism
GAX | Karecote
6:28 Loom
8:50 Feudal Age
12:48 Double-Bit Axe
20:04 Castle Age
19:16 Fletching
20:23 Crossbowman
21:19 Bodkin Arrow
22:46 Ballistics
23:10 Padded Archer Armor
24:45 Wheelbarrow
24:43 Leather Archer Armor
27:06 Elite Skirmisher
28:29 Town Watch
34:38 Imperial Age
35:39 Bracer
38:05 Chemistry
41:31 Ring Archer Armor
41:36 Scale Barding Armor
40:53 Light Cavalry
41:41 Gold Mining
42:04 Stone Mining
44:55 Arbalester
49:10 Bow Saw
48:46 Elite Genoese Crossbowman
50:07 Thumb Ring
50:44 Conscription
52:06 Masonry
55:41 Scale Mail Armor
56:53 Two-Man Saw
Connection lost

Rejoining the realm…

Still unreachable

The connection could not be restored.

Session expired

The server has moved on; the page needs a fresh start.